 Dungeon Crawl Stone Soup version 0.31.0-4-g52a2dc7128 (webtiles) character file.

Game seed: 130123593011333616

1519 BeingJoeMalik the Destroyer (level 8, -6/55 HPs)
             Began as a Naga Conjurer on Jan 22, 2024.
             Was a Priest of Hepliaklqana.
             Mangled by a yak (16 damage)
             ... on level 5 of the Dungeon.
             The game lasted 00:16:46 (7193 turns).

BeingJoeMalik the Destroyer (Naga Conjurer)         Turns: 7193, Time: 00:16:47

Health: -6/55      AC:  5    Str: 10    XL:     8   Next: 84%
Magic:  6/14       EV:  9    Int: 21    God:    Hepliaklqana [***...]
Gold:   308        SH:  0    Dex:  9    Spells: 5/15 levels left

rFire   . . .        o - +3 dagger (venom)
rCold   + . .        (no shield)
rNeg    . . .        e - +0 leather armour {rC+}
rPois   +            (no helmet)
rElec   .            (no cloak)
rCorr   .            k - +0 pair of gloves
SInv    +            (no barding)
Will    ++...        (no amulet)
Stlth   ++           u - ring of willpower
HPRegen 0.29/turn    (no ring)
MPRegen 0.14/turn

%: no passive effects
@: short of breath, very slow
A: reduced essence, AC +2, large, see invisible, deformed body, poison
resistance, slowness 2, spit poison 1, naga tail 1
a: Spit Poison, Renounce Religion, Recall Ancestor, Ancestor Identity,
Transference


You were on level 5 of the Dungeon.
You worshipped Hepliaklqana.
Hepliaklqana was most pleased with you.
You visited 1 branch of the dungeon, and saw 6 of its levels.

You collected 308 gold pieces.

Inventory:

Hand Weapons
 n - a +0 dagger of venom
 o - a +3 dagger of venom (weapon)
Missiles
 c - 11 poisoned darts
Armour
 a - a +0 robe
 e - a +0 leather armour of cold resistance (worn)
 k - a +0 pair of gloves (worn)
Jewellery
 u - a ring of willpower (left hand)
Wands
 m - a wand of digging (5)
 s - a wand of light (15)
Scrolls
 f - 3 scrolls of teleportation
 p - a scroll of amnesia
 r - a scroll of blinking {unknown}
Potions
 b - 2 potions of magic
 d - a potion of enlightenment
 g - 2 potions of lignification
 h - a potion of brilliance
 i - 2 potions of ambrosia {unknown}
 j - 2 potions of might {unknown}
 l - 3 potions of curing {unknown}
 q - a potion of haste {unknown}
 t - a potion of resistance {unknown}


   Skills:
 - Level 1.5 Dodging
 - Level 3.0 Stealth
 + Level 4.1 Spellcasting
 + Level 8.9 Conjurations
 * Level 4.0 Summonings
 * Level 4.0 Fire Magic


You had 5 spell levels left.
You knew the following spells:

 Your Spells              Type           Power      Damage    Failure   Level
a - Magic Dart            Conj           100%       1d8       1%          1
b - Searing Ray           Conj           82%        2d7       1%          2
c - Foxfire               Conj/Fire      100%       2x1d9     1%          1
d - Summon Small Mammal   Summ           84%        N/A       3%          1
e - Call Canine Familiar  Summ           21%        N/A       10%         3
f - Blink                 Tloc           8%         N/A       24%         2

Your spell library contained the following spells:

 Spells                   Type           Power      Damage    Failure   Level
 Kiss of Death            Conj/Necr      92%        2d12      2%          1
 Momentum Strike          Conj/Tloc      46%        3d9       3%          2
 Lesser Beckoning         Tloc           8%         N/A       24%         2
 Fulminant Prism          Conj/Alch      11%        3d8       26%         4
 Iskenderun's Mystic Bla  Conj/Tloc      23%        2d6       26%         4
 Summon Blazeheart Golem  Fire/Summ      21%        N/A       30%         4
 Starburst                Conj/Fire      15%        6d6       86%         6
 Plasma Beam              Fire/Air       6%         2x1d16    100%        6


Dungeon Overview and Level Annotations

Branches:
Dungeon (6/15)
 Temple: D:4-7

Altars:
Ashenzari
Elyvilon
Hepliaklqana
Okawaru

Annotations:
D:4 2 runed translucent doors, TheBioAlchemist's ghost, amateur OpSh
D:5 1 transporter, Hildebrand's ghost, amateur MiBe


Innate Abilities, Weirdness & Mutations

Your life essence is reduced to manifest your ancestor. (-10% HP)
Your serpentine skin is tough. (AC +2)
You have supernaturally acute eyesight. (SInv)
Armour fits poorly on your strangely shaped body.
Your system is resistant to poisons. (rPois)
You cover ground very slowly.
You can spit poison.
You have a snake-like lower body.


Message History

Paser hits the yak with a +0 flail.
The yak dies!
Your Spellcasting skill increases to level 4!
Your Summonings skill increases to level 4!
Your Fire Magic skill increases to level 4!
Unknown command.
You have got your breath back.
Paser blocks the yak's attack.
The yak gores Paser but does no damage.
The yak gores Paser!
Paser is destroyed!
The yak attacks as it pursues you! The yak gores you.
There is a stone staircase leading up, spattered with blood here.
The yak gores you!
You climb upwards.
Level annotation: 1 transporter, Hildebrand's ghost, amateur MiBe
There is a stone staircase leading down here.
Aiming: Spit Poison (1% risk of failure)
Press: ? - help, Q - select action, (/) - cycle Shift-Dir - straight line, f - yak
Aim: a yak (78% to hit)
The splash of poison hits the yak.
The yak is poisoned.
The yak is lightly wounded.
The yak gores you!
Casting: Magic Dart (safe; 1% risk of failure)
Confirm with . or Enter, or press ? or * to list all spells.
The yak gores you!
* * * LOW HITPOINT WARNING * * *
Unknown command.
Casting: Summon Small Mammal (safe; 3% risk of failure)
Confirm with . or Enter, or press ? or * to list all spells.
You conjure some foxfire!
The yak gores you.
* * * LOW HITPOINT WARNING * * *
Unknown command.
Okay, then.
Unknown command.
The foxfire hits the yak.
The yak is moderately wounded.
The foxfire hits the yak.
The yak is moderately wounded.
Your quokka completely misses the yak.
The yak gores you!
You die...

....[..## #..# ##......##
##.## ,##..#(..## ##..#
.,#..##...## #..##
..##.###...## ##..#
5#.#.# ##...###...##
#.,#.# ##.........####
#.##.# ##...........#
#$#..## ##...r@§...##
=[#©..# #....Y§..##
.5#...## #.......##
..##...# ##......##
#,,#.#.####.......#
*,,#..............##
,,##...............######
###.....................#
#.......................#


You could see a yak (poisoned, ally target) and a friendly quokka (summoned).

Vanquished Creatures
  A black bear (D:5)
  An ogre (D:5)
  A phantom (D:4)
  2 howler monkeys
  A hound (D:4)
  An orc priest (D:5)
  2 iguanas
  3 orc wizards (D:4)
  8 gnolls
  8 adders
  2 ufetubi (D:5)
  A ribbon worm (D:4)
  4 dart slugs
  11 orcs
  5 ball pythons
  6 endoplasms
  4 giant cockroaches
  3 hobgoblins
  3 jackals (D:2)
  3 quokkas
  2 bats
  4 frilled lizards
  6 goblins
  10 kobolds
  4 rats
96 creatures vanquished.

Vanquished Creatures (collateral kills)
  2 yaks (D:6)
  Menkaure (D:6)
  A jelly (D:5)
  A gnoll bouda (D:4)
  2 hounds (D:5)
  2 orc priests
  2 iguanas
  2 orc wizards (D:5)
  4 gnolls
  A dart slug (D:4)
  2 ribbon worms
20 creatures vanquished.

Vanquished Creatures (others)
  A knight (D:6)
  65 foxfires
66 creatures vanquished.

Grand Total: 182 creatures vanquished

Notes
Turn   | Place    | Note
-------+----------+-------------------------------------------
     0 | D:1      | BeingJoeMalik the Naga Conjurer began the quest for the
                  | Orb.
     0 | D:1      | Reached XP level 1. HP: 15/15 MP: 3/3
   310 | D:1      | Reached XP level 2. HP: 22/22 MP: 5/5
   683 | D:1      | Reached XP level 3. HP: 28/28 MP: 3/6
  1021 | D:1      | Reached skill level 5 in Conjurations
  1118 | D:2      | Found a hazy altar of Hepliaklqana.
  1125 | D:2      | Became a worshipper of Hepliaklqana the Forgotten
  1141 | D:2      | Learned a level 2 spell: Searing Ray
  1143 | D:2      | Learned a level 1 spell: Foxfire
  1151 | D:2      | Found a faded altar of an unknown god.
  1160 | D:2      | Got Plato's Volume of Malignant Spells
  1628 | D:2      | Reached XP level 4. HP: 36/36 MP: 3/7
  1729 | D:2      | Learned a level 1 spell: Summon Small Mammal
  2440 | D:3      | Reached skill level 1 in Fire Magic
  2584 | D:3      | Reached XP level 5. HP: 38/42 MP: 1/8
  2643 | D:3      | Reached * piety under Hepliaklqana
  2689 | D:3      | Reached skill level 1 in Summonings
  2747 | D:3      | Reached skill level 6 in Conjurations
  3775 | D:4      | Reached XP level 6. HP: 44/44 MP: 0/9
  4189 | D:4      | Reached ** piety under Hepliaklqana
  4190 | D:4      | Remembered your ancestor Paser as a knight
  4468 | D:4      | Reached skill level 7 in Conjurations
  4479 | D:4      | Reached XP level 7. HP: 8/49 MP: 0/10
  4660 | D:4      | Learned a level 4 spell: Fulminant Prism
  4847 | D:4      | Found a large runed translucent door.
  4848 | D:4      | Found a large runed translucent door.
  4851 | D:4      | Noticed TheBioAlchemist's ghost (amateur OpSh)
  4983 | D:4      | Found a white marble altar of Elyvilon.
  4986 | D:4      | Found an iron altar of Okawaru.
  4990 | D:4      | Found a broken altar of Ashenzari.
  5375 | D:5      | Entered Level 5 of the Dungeon
  5397 | D:5      | Learned a level 3 spell: Call Canine Familiar
  5609 | D:5      | Learned a level 2 spell: Blink
  5892 | D:5      | Found a transporter.
  5896 | D:5      | Noticed Hildebrand's ghost (amateur MiBe)
  6121 | D:5      | Reached *** piety under Hepliaklqana
  6362 | D:5      | Reached skill level 8 in Conjurations
  6620 | D:5      | Reached XP level 8. HP: 55/55 MP: 7/12
  6824 | D:6      | Noticed a yak
  6824 | D:6      | Noticed a yak
  6824 | D:6      | Noticed a yak
  6824 | D:6      | Noticed a yak
  6824 | D:6      | Noticed a yak
  6859 | D:6      | Noticed Menkaure
  6948 | D:6      | Killed Menkaure
  7178 | D:6      | Killed a yak
  7179 | D:6      | Killed a yak
  7193 | D:5      | Mangled by a yak

Illustrated notes

Levels and vault maps discovered:
D:1:      scummos_arrival_simple_fountains, layout_loops_ring
D:2:      minmay_door_path, layout_loops_corners, basic_altar,
          shapermc_ecumenical_altar_rom_forum
D:3:      layout_basic, serial_curves, eino_curves_04, eino_curves_03,
          nicolae_concentric_dashed_squares_wild, kennysheep_nondescript
D:4:      layout_layer_cave, grunt_temple_overflow_diamond,
          ebering_ghost_disaster_area, dk_noncrumbling_4
D:5:      layout_layer_cave, gammafunk_ghost_stat_death
D:6:      layout_rooms, mainiacjoe_overflow_six_doors_small,
          minmay_temple_entry_poolview, uniq_menkaure

Skill      XL: |  1  2  3  4  5  6  7  8 |
---------------+-------------------------+-----
Conjurations   | 5 6 7 8 |  8.9
Fire Magic     | 1 2 3 4 |  4.0
Summonings     | 1 2 3 4 |  4.0
Spellcasting   | 3 4 |  4.1
Dodging        | |  1.5
Stealth        | |  3.0

Action                     |  1- 3 |  4- 6 |  7- 9 || total
---------------------------+-------+-------+-------++-------
  Melee: Unarmed           |     6 |       |       ||     6
         Dagger            |       |     4 |       ||     4
   Cast: Magic Dart        |    57 |   111 |    81 ||   249
         Foxfire           |       |    16 |    21 ||    37
         Summon Small Mamm |       |     1 |     1 ||     2
         Searing Ray       |       |       |     2 ||     2
 Invoke: Ancestor Life: Kn |       |     1 |       ||     1
         Recall Ancestor   |       |       |     1 ||     1
Ability: Spit Poison       |    13 |     6 |     6 ||    25
    Use: Scroll            |       |       |     7 ||     7
 Armour: Robe              |    10 |    30 |    22 ||    62
         Leather armour    |       |       |     6 ||     6
  Dodge: Dodged            |     9 |    14 |     2 ||    25
